[Event "Team 45 45 League T75"]
[Site "Internet Chess Club"]
[Date "2017.12.16"]
[Round "1"]
[White "Chess0985"]
[Black "nidusin2"]
[Result "1-0"]
[WhiteElo "1634"]
[BlackElo "1531"]
[Opening "Philidor: Improved Hanham variation"]
[ECO "B07"]
[Time "21:38:17"]
[TimeControl "2700+45"]

1. e4 d6 2. d4 Nf6 3. Nc3 Nbd7 4. Nf3 e5 5. dxe5 dxe5 6. Bc4 Bb4 7. Bd3 Nc5 8.
Bg5 h6 9. Bxf6 Qxf6 10. O-O Bxc3 11. bxc3 Bg4 12. h3 Bh5 13. Qe2 Na4 14. Bb5+ c6
15. Bxa4 O-O 16. Qe3 Rfd8 17. Bb3 Rd7 18. Rad1 Rad8 19. Rxd7 Rxd7 20. Nd2 Qd6
21. Nc4 Qf6 22. f4 exf4 23. Rxf4 Rd1+ 24. Kh2 Qe7 25. Nb2 Rb1 26. Nd3 Qc7 27. e5
g5 28. Rf2 Kg7 29. g4 Bg6 30. Qf3 c5 31. Qf6+ Kg8 32. Qxg6+ {Black resigns} 1-0

[Event "Team 45 45 League T75"]
[Site "Internet Chess Club"]
[Date "2017.12.17"]
[Round "1"]
[White "Gilguli"]
[Black "Newbao"]
[Result "0-1"]
[WhiteElo "1296"]
[BlackElo "1397"]
[Opening "Grünfeld: 5.e3"]
[ECO "D94"]
[Time "13:30:56"]
[TimeControl "2700+45"]

1. d4 Nf6 2. c4 g6 3. Nc3 d5 4. e3 Bg7 5. Nf3 O-O 6. cxd5 Nxd5 7. Bd3 Nxc3 8.
bxc3 e6 9. Qc2 Re8 10. a4 Nc6 11. Ba3 e5 12. Rd1 exd4 13. cxd4 Bg4 14. Be2 Bxf3
15. Bxf3 Nxd4 16. Qb1 Nxf3+ 17. gxf3 Qf6 18. O-O Qxf3 19. Rc1 Re5 20. Rxc7 Rg5#
{White checkmated} 0-1

[Event "Team 45 45 League T75"]
[Site "Internet Chess Club"]
[Date "2017.12.17"]
[Round "1"]
[White "creativechesski"]
[Black "bardu"]
[Result "1-0"]
[WhiteElo "1386"]
[BlackElo "1369"]
[Opening "Sicilian: Najdorf, Opocensky variation"]
[ECO "B92"]
[Time "10:01:35"]
[TimeControl "2700+45"]

1. e4 c5 2. Nf3 d6 3. d4 cxd4 4. Nxd4 Nf6 5. Nc3 a6 6. Be2 e5 7. Nb3 Be7 8. O-O
O-O 9. Be3 Be6 10. Qd2 Nbd7 11. f4 exf4 12. Bxf4 Nc5 13. Nxc5 dxc5 14. Qxd8
Rfxd8 15. Bg5 h6 16. Bh4 Rd2 17. Bd3 c4 18. Be1 cxd3 19. Bxd2 dxc2 20. Rfc1 Bc5+
21. Kh1 Ng4 22. Be1 Rd8 23. Rxc2 Rd4 24. h3 Ne5 25. Bf2 Rxe4 {Black resigns} 1-0

[Event "Team 45 45 League T75"]
[Site "Internet Chess Club"]
[Date "2017.12.15"]
[Round "1"]
[White "tamky70"]
[Black "leoshi"]
[Result "0-1"]
[WhiteElo "1285"]
[BlackElo "1406"]
[Opening "Ruy Lopez: 5.O-O"]
[ECO "C78"]
[Time "20:01:34"]
[TimeControl "2700+45"]

1. e4 e5 2. Nf3 Nc6 3. Bb5 a6 4. Ba4 Nf6 5. O-O b5 6. Bb3 Bc5 7. a4 Rb8 8. c3 d6
9. d4 Bb6 10. Nbd2 exd4 11. axb5 axb5 12. Nxd4 Nxd4 13. cxd4 Bxd4 14. Nf3 Bb6
15. e5 dxe5 16. Qxd8+ Kxd8 17. Nxe5 Be6 18. Bxe6 fxe6 19. Nc6+ Kc8 20. Nxb8 Kxb8
21. Bf4 Bd4 22. Rac1 e5 23. Be3 Bxb2 24. Rb1 Bc3 25. Rxb5+ Kc8 26. Rc5 Bd4 27.
Bxd4 exd4 28. Rc4 Rd8 29. Rd1 d3 30. Rg4 Nxg4 {White resigns} 0-1

[Event "Team 45 45 League T75"]
[Site "Internet Chess Club"]
[Date "2017.12.16"]
[Round "1"]
[White "joaoazm"]
[Black "liujf"]
[Result "1-0"]
[WhiteElo "1395"]
[BlackElo "1605"]
[Opening "Neo-Grünfeld, 6.cd Nxd5, 7.O-O"]
[ECO "D74"]
[Time "19:31:02"]
[TimeControl "2700+45"]

1. Nf3 Nf6 2. g3 g6 3. Bg2 Bg7 4. c4 d5 5. cxd5 Nxd5 6. d4 O-O 7. O-O Nc6 8. e4
Nb6 9. d5 Ne5 10. Nxe5 Bxe5 11. Nc3 Bg7 12. Bg5 Bd7 13. Qb3 Re8 14. Nb5 c6 15.
Nd6 Rf8 16. Nxb7 Qc7 17. dxc6 Bxc6 18. Na5 Na4 19. Nxc6 Qxc6 20. e5 Qd7 21. Rfd1
Qg4 22. f4 Nc5 23. Qa3 Rac8 24. Bxe7 Ne6 25. Bxf8 Bxf8 26. Qd3 Nc5 27. Qf1 Na4
28. Bh3 Qh5 29. Bxc8 Nxb2 30. Rd8 Qh6 31. Qb5 {Black resigns} 1-0

[Event "Team 45 45 League T75"]
[Site "Internet Chess Club"]
[Date "2017.12.16"]
[Round "1"]
[White "Pawnchain"]
[Black "seattleblues"]
[Result "1/2-1/2"]
[WhiteElo "1508"]
[BlackElo "1381"]
[Opening "Caro-Kann: exchange variation"]
[ECO "B13"]
[Time "07:00:26"]
[TimeControl "2700+45"]

1. e4 c6 2. d4 d5 3. exd5 cxd5 4. Bd3 Nf6 5. c3 Bg4 6. Qb3 Qc7 7. Bg5 Nbd7 8.
Nd2 e6 9. Ngf3 Bd6 10. Bh4 O-O 11. Bg3 Bxg3 12. hxg3 h6 13. O-O-O a6 14. Rh4
{Game drawn by mutual agreement} 1/2-1/2

[Event "Team 45 45 League T75"]
[Site "Internet Chess Club"]
[Date "2017.12.17"]
[Round "1"]
[White "jmd1490"]
[Black "QuimCatala"]
[Result "1-0"]
[WhiteElo "1266"]
[BlackElo "1204"]
[Opening "King's Indian defense, 3.Nc3"]
[ECO "E61"]
[Time "12:03:53"]
[TimeControl "2700+45"]

1. d4 Nf6 2. c4 g6 3. Nc3 Bg7 4. Nf3 d6 5. h3 O-O 6. e3 e5 7. dxe5 dxe5 8. Qc2
Nc6 9. a3 Bf5 10. e4 Be6 11. Be2 Nh5 12. O-O f5 13. Ng5 Bc8 14. Bxh5 gxh5 15. f4
Nd4 16. Qd1 h6 17. Nf3 fxe4 18. Nxe5 Bxe5 19. fxe5 Rxf1+ 20. Qxf1 Nc2 21. Rb1
Qd4+ 22. Kh1 e3 23. Qe2 Nxa3 24. Bxe3 Qxe5 25. Re1 Kh7 26. Nd5 Nxc4 27. Qxc4 Be6
28. Qxc7+ Qg7 29. Qxg7+ Kxg7 30. Nf4 Bf7 31. Bd4+ Kg8 32. Re5 Rd8 33. Bxa7 Rd1+
34. Kh2 Rd2 35. b4 Rf2 36. Bxf2 {Black resigns} 1-0

[Event "Team 45 45 League T75"]
[Site "Internet Chess Club"]
[Date "2017.12.16"]
[Round "1"]
[White "Constrictor"]
[Black "kabindra"]
[Result "1-0"]
[WhiteElo "1557"]
[BlackElo "1674"]
[Opening "Queen's pawn game, Chigorin variation"]
[ECO "A04"]
[Time "11:01:07"]
[TimeControl "2700+45"]

1. Nf3 Nc6 2. d4 d5 3. c4 e6 4. Nc3 Nf6 5. g3 Be7 6. Bg2 O-O 7. O-O a5 8. cxd5
exd5 9. Bg5 Rb8 10. Qb3 Be6 11. Nb5 Ne4 12. Bf4 Rc8 13. Rac1 Nd6 14. Nxd6 Bxd6
15. Bxd6 Qxd6 16. Qxb7 Ne7 17. Ng5 Bd7 18. Qb3 c5 19. dxc5 Rxc5 20. Qd3 Bf5 21.
Qa3 Rfc8 22. Bh3 Bxh3 23. Nxh3 d4 24. Nf4 Qb6 25. Nd3 Rxc1 26. Rxc1 Rxc1+ 27.
Nxc1 Nd5 28. Qa4 Kf8 29. Nd3 g6 30. Qd7 Qe6 31. Qxe6 fxe6 32. Nf4 Nc7 33. Kf1 e5
34. Nd3 e4 35. Nc5 e3 36. Nb3 exf2 37. Nxa5 Nd5 38. Nc6 Ne3+ 39. Kxf2 Nd1+ 40.
Kf3 d3 41. exd3 Nxb2 42. d4 Ke8 43. Ke4 Na4 44. Nb4 Ke7 45. Ke5 Nc3 46. d5 g5
47. Kf5 h6 48. Kg6 Kd6 49. Kxh6 Ne4 50. h4 gxh4 51. gxh4 Kc5 52. a3 Nd6 53. Kg6
Nb5 54. h5 Nxa3 55. h6 Kxb4 56. h7 Kc5 57. h8=Q Kxd5 58. Qa8+ {Black resigns}
1-0

[Event "Team 45 45 League T75"]
[Site "Internet Chess Club"]
[Date "2017.12.18"]
[Round "1"]
[White "kingphisch"]
[Black "Brazuka"]
[Result "0-1"]
[WhiteElo "1376"]
[BlackElo "1103"]
[Opening "KP: Nimzovich defense"]
[ECO "B00"]
[Time "15:00:33"]
[TimeControl "2700+45"]

1. e4 Nc6 2. Nf3 d6 3. Nc3 e5 4. Bc4 Bg4 5. h3 Bh5 6. Bb5 Be7 7. g4 Bg6 8. d3 h6
9. Bd2 a6 10. Ba4 b5 11. Bb3 Bg5 12. Bxg5 hxg5 13. Qd2 f6 14. O-O-O Nge7 15. Nd5
a5 16. Nxe7 Nxe7 17. a4 c6 18. h4 Bf7 19. Bxf7+ Kxf7 20. b3 d5 21. hxg5 Qd6 22.
gxf6 gxf6 23. Qc3 b4 24. Qd2 dxe4 25. dxe4 Qxd2+ 26. Nxd2 c5 27. Nc4 Rxh1 28.
Rxh1 Nc6 29. Nd6+ Kg6 30. Nf5 Kg5 31. f3 Kf4 32. Rf1 Nd4 33. Nxd4 cxd4 34. Kd2
Rc8 35. Ke2 Rc3 36. Rh1 Rxc2+ 37. Kd1 d3 38. Rf1 Rb2 39. Kc1 Rxb3 {White
resigns} 0-1

[Event "Team 45 45 League T75"]
[Site "Internet Chess Club"]
[Date "2017.12.18"]
[Round "1"]
[White "olivermx"]
[Black "oldprez1"]
[Result "1/2-1/2"]
[WhiteElo "1306"]
[BlackElo "1192"]
[Opening "Pirc: classical (two knights) system"]
[ECO "B08"]
[Time "22:00:26"]
[TimeControl "2700+45"]

1. e4 d6 2. d4 Nf6 3. Nc3 g6 4. Nf3 Bg7 5. Bd3 O-O 6. O-O Nc6 7. Be3 e5 8. d5
Ne7 9. Qd2 Re8 10. h3 Nh5 11. Rfe1 f5 12. exf5 Nxf5 13. Bg5 Ne7 14. Bh6 Bd7 15.
Bxg7 Kxg7 16. Be2 Nf4 17. Bc4 Rf8 18. Ne2 c6 19. Nxf4 Rxf4 20. dxc6 Bxc6 21. Be2
Qf8 22. Qxd6 e4 23. Qe5+ Qf6 24. Qxf6+ Rxf6 25. Nd4 Raf8 26. Bc4 Bd5 27. Bxd5
Nxd5 28. Rxe4 Kh6 29. Nf3 Rf4 30. Rxf4 Nxf4 31. Re1 Rc8 32. c3 Nd3 33. Re7 Nxb2
34. Rxb7 Nd1 35. Rxa7 Rxc3 36. g4 Rxf3 37. g5+ Kxg5 38. Rxh7 Rxf2 39. Rd7 Rxa2
40. Rxd1 Kh4 41. Rd6 g5 42. Rd3 Rb2 43. Rc3 Ra2 44. Rd3 Rb2 45. Rc3 Ra2 46. Rd3
Rb2 {Game drawn by repetition} 1/2-1/2

[Event "Team 45 45 League T75"]
[Site "Internet Chess Club"]
[Date "2017.12.17"]
[Round "1"]
[White "g8wrb"]
[Black "Brazuka"]
[Result "1-0"]
[WhiteElo "1297"]
[BlackElo "1075"]
[Opening "QGD: 6.Nf3"]
[ECO "D55"]
[Time "16:00:30"]
[TimeControl "2700+45"]

1. d4 d5 2. c4 Nf6 3. Nc3 e6 4. Bg5 Be7 5. e3 O-O 6. Nf3 Nc6 7. Bd3 Nb4 8. Be2
dxc4 9. Bxc4 c5 10. O-O cxd4 11. Nxd4 Nc6 12. Nxc6 bxc6 13. Qa4 Qc7 14. Bf4 e5
15. Bg5 h6 16. Bh4 g5 17. Bg3 Nh5 18. Rad1 Nxg3 19. fxg3 Be6 20. Bxe6 fxe6 21.
Qg4 Rxf1+ 22. Rxf1 Qc8 23. Qh5 Bc5 24. Qg6+ Kh8 25. Qxh6+ Kg8 26. Qxg5+ Kh8 27.
Qxe5+ Kh7 28. Rf7+ {Black resigns} 1-0

[Event "Team 45 45 League T75"]
[Site "Internet Chess Club"]
[Date "2017.12.18"]
[Round "1"]
[White "olivermx"]
[Black "PsyMar"]
[Result "1-0"]
[WhiteElo "1312"]
[BlackElo "1297"]
[Opening "Four knights: Spanish variation"]
[ECO "C48"]
[Time "11:00:29"]
[TimeControl "2700+45"]

1. e4 Nf6 2. Nc3 e5 3. Nf3 Nc6 4. Bb5 d6 5. h3 Be7 6. O-O O-O 7. d3 Nd4 8. Nxd4
exd4 9. Ne2 c6 10. Ba4 b5 11. Bb3 c5 12. f3 a5 13. c3 a4 14. Bc2 dxc3 15. bxc3
d5 16. Be3 Bb7 17. Qe1 Nd7 18. Qg3 Bf6 19. Rfd1 Re8 20. Rab1 Bc6 21. d4 Qa5 22.
e5 cxd4 23. cxd4 Nxe5 24. dxe5 Bxe5 25. Qf2 Qc7 26. Bd3 Rab8 27. Nd4 Bg3 28. Qd2
b4 29. Rxb4 Rxb4 30. Qxb4 Rxe3 31. Nxc6 Qxc6 32. Qa5 g6 33. Bb5 Qc5 34. Kh1 Ra3
35. Qd8+ Kg7 36. Qg5 Qf2 37. Qxd5 Rxa2 38. Rg1 a3 39. Bc4 Qxg1+ 40. Kxg1 Ra1+
41. Bf1 a2 42. Qd4+ f6 43. Qxa1 {Black resigns} 1-0

[Event "Team 45 45 League T75"]
[Site "Internet Chess Club"]
[Date "2017.12.17"]
[Round "1"]
[White "stantheman59"]
[Black "SeniorCitizen"]
[Result "0-1"]
[WhiteElo "1241"]
[BlackElo "1307"]
[Opening "French defense"]
[ECO "C00"]
[Time "16:00:37"]
[TimeControl "2700+45"]

1. e4 e6 2. Nf3 d5 3. exd5 exd5 4. d4 Nf6 5. Bd3 Be7 6. c4 O-O 7. O-O Bg4 8.
Nbd2 Nbd7 9. Re1 c6 10. a4 Re8 11. c5 Bf8 12. Be2 b6 13. b4 a6 14. Nf1 b5 15.
Ne3 Bh5 16. Nf5 Bg6 17. Ng3 Ne4 18. Nxe4 Bxe4 19. Nd2 Nf6 20. Ra3 Bg6 21. Nf3
Qc7 22. Ne5 Nd7 23. Nxg6 fxg6 24. g3 Nf6 25. Bf4 Qf7 26. axb5 axb5 27. Rxa8 Rxa8
28. Bg4 Re8 29. Rxe8 Qxe8 30. Qe2 Kf7 31. Qxe8+ Kxe8 32. Bc8 Kd8 33. Bh3 h6 34.
f3 g5 35. Be3 Be7 36. Kg2 Nd7 37. Bxd7 Kxd7 38. Kh3 Ke6 39. Kg4 Kf6 40. Kh5 Kf7
41. f4 gxf4 42. Bxf4 Bf6 43. Be5 Bg5 44. h4 Bd2 45. g4 Bxb4 46. g5 hxg5 47. Kxg5
g6 48. Kf4 Be1 49. Kg4 b4 50. Bf4 b3 51. Bc1 Bc3 52. h5 gxh5+ 53. Kxh5 b2 54.
Bxb2 Bxb2 {White resigns} 0-1

[Event "Team 45 45 League T75"]
[Site "Internet Chess Club"]
[Date "2017.12.15"]
[Round "1"]
[White "oldbookseller"]
[Black "rhayder"]
[Result "0-1"]
[WhiteElo "1027"]
[BlackElo "1137"]
[Opening "King's Indian: London system"]
[ECO "A48"]
[Time "16:01:28"]
[TimeControl "2700+45"]

1. d4 Nf6 2. Nf3 g6 3. Bf4 Bg7 4. e3 O-O 5. Bd3 d6 6. Nbd2 c5 7. c3 cxd4 8. cxd4
Nc6 9. O-O Qb6 10. Rb1 Nb4 11. Bc4 Bd7 12. Qc1 Rac8 13. Ng5 Nd3 14. Qc3 Nxf4 15.
exf4 d5 16. Bd3 Rxc3 17. Be2 Rc7 18. Ndf3 Bb5 19. Rfe1 Bxe2 20. Rxe2 Rfc8 21.
Ree1 Qc6 22. Ne5 Qc1 23. Nexf7 Qxe1+ 24. Rxe1 Rc1 25. g3 Rxe1+ 26. Kg2 Ne4 27.
Ne6 Kxf7 28. Ng5+ Kg8 29. Ne6 Rc2 30. Kh3 Nxf2+ 31. Kh4 Bf6+ {White resigns} 0-1

[Event "Team 45 45 League T75"]
[Site "Internet Chess Club"]
[Date "2017.12.16"]
[Round "1"]
[White "mongmong"]
[Black "seattleblues"]
[Result "1/2-1/2"]
[WhiteElo "1491"]
[BlackElo "1386"]
[Opening "Queen's pawn game"]
[ECO "D05"]
[Time "20:00:30"]
[TimeControl "2700+45"]

1. d4 Nf6 2. Nf3 e6 3. e3 d5 4. Bd3 Bd6 5. Nbd2 O-O 6. O-O Nbd7 7. c4 c5 8. b3
b6 9. Bb2 Bb7 10. Re1 Re8 11. Rc1 Rc8 12. h3 Nf8 13. Qc2 cxd4 14. Bxd4 dxc4 15.
bxc4 Bb4 16. Bc3 Bxc3 17. Qxc3 Ba6 18. Qb3 N6d7 19. Be2 Nc5 20. Qb2 Nd3 21. Bxd3
Qxd3 22. Rc3 Qd8 23. Qc1 Nd7 24. Ne4 Bb7 25. Nd6 Bxf3 26. gxf3 Qg5+ 27. Kf1 Qh4
28. Nxe8 Qxh3+ 29. Ke2 Rxe8 30. Qd2 e5 31. Rd3 e4 32. Rxd7 Qxf3+ 33. Kf1 Qh1+
34. Ke2 Qf3+ 35. Kf1 Qh1+ {Game drawn by mutual agreement} 1/2-1/2

[Event "Team 45 45 League T75"]
[Site "Internet Chess Club"]
[Date "2017.12.18"]
[Round "1"]
[White "rkjulianjr"]
[Black "Toalla"]
[Result "1-0"]
[WhiteElo "1313"]
[BlackElo "1192"]
[Opening "Queen's pawn: English defense"]
[ECO "A40"]
[Time "18:03:50"]
[TimeControl "2700+45"]

1. d4 b6 2. e4 Bb7 3. Nc3 g6 4. Nf3 Bg7 5. Be3 d6 6. Bb5+ c6 7. Bd3 e6 8. Bg5
Ne7 9. Qd2 f6 10. Bh6 O-O 11. O-O-O Na6 12. a3 c5 13. h4 cxd4 14. Nxd4 Qc8 15.
Ncb5 Qd7 16. h5 Nc5 17. Bc4 Nxe4 18. Bxe6+ Qxe6 19. Nxe6 Nxd2 20. Bxg7 Rf7 21.
Rxd2 Bxg2 22. hxg6 Nxg6 23. Rhd1 Bf3 24. Re1 Rd7 25. Bxf6 Re8 26. Rxd6 Rxe6 27.
Rexe6 Rxd6 28. Nxd6 {Black resigns} 1-0

[Event "Team 45 45 League T75"]
[Site "Internet Chess Club"]
[Date "2017.12.16"]
[Round "1"]
[White "tasawyer81"]
[Black "oldprez1"]
[Result "1-0"]
[WhiteElo "1134"]
[BlackElo "1156"]
[Opening "Queen's pawn: London system"]
[ECO "A45"]
[Time "09:28:44"]
[TimeControl "2700+45"]

1. d4 Nf6 2. Bf4 g6 3. e3 Bg7 4. c3 O-O 5. Nd2 Nc6 6. Bd3 Re8 7. Qe2 e5 8. dxe5
Nxe5 9. Ngf3 d6 10. h3 Bd7 11. O-O-O a6 12. Nxe5 dxe5 13. Bg5 Qc8 14. Ne4 Nxe4
15. Bxe4 Bf5 16. Bxf5 Qxf5 17. Qg4 Qe6 18. Qxe6 Rxe6 19. Rd8+ Rxd8 20. Bxd8 c6
21. Rd1 b5 22. Ba5 Bf6 23. Rd7 c5 24. Ra7 Be7 25. Ra8+ Kg7 26. Kc2 f5 27. Ra7
Kf6 28. g4 fxg4 29. hxg4 Kg5 30. f3 Bf6 31. Rxh7 e4 32. fxe4 Rxe4 33. Kd3 Re7
34. Rxe7 Bxe7 35. Ke4 Kxg4 36. Bc7 Bf6 37. Bf4 b4 38. c4 Bxb2 39. Bd6 a5 40.
Bxc5 Bc3 41. Kd5 a4 42. e4 b3 43. axb3 axb3 44. Ba3 b2 45. Bxb2 Bxb2 46. e5 Ba3
47. c5 Bb4 48. c6 Ba5 49. e6 Bd8 50. e7 Bxe7 51. c7 {Black resigns} 1-0

[Event "Team 45 45 League T75"]
[Site "Internet Chess Club"]
[Date "2017.12.18"]
[Round "1"]
[White "pita"]
[Black "Graybeard"]
[Result "1-0"]
[WhiteElo "1068"]
[BlackElo "1019"]
[Opening "Queen's pawn: Lundin (Kevitz-Mikenas) defense"]
[ECO "A40"]
[Time "10:15:51"]
[TimeControl "2700+45"]

1. d4 Nc6 2. Nf3 Nf6 3. c4 g6 4. Nc3 Bg7 5. e4 d6 6. d5 Ne5 7. Nxe5 O-O 8. Nf3
b6 9. Be2 e5 10. O-O c5 11. dxc6 Qc7 12. Qa4 a5 13. Bg5 Be6 14. Nd5 Bxd5 15.
cxd5 Ne8 16. Bd2 f6 17. Rac1 Rf7 18. Rc3 Qa7 19. Rfc1 Nc7 20. Qa3 Bf8 21. Be3
Qb8 22. Rb3 b5 23. Bxb5 Nxb5 24. Qa4 Qe8 25. Rxb5 Rb8 26. Rxb8 Qxb8 27. Qxa5
Qxb2 28. c7 {Black resigns} 1-0

[Event "Team 45 45 League T75"]
[Site "Internet Chess Club"]
[Date "2017.12.13"]
[Round "1"]
[White "dabodhi"]
[Black "guyd52"]
[Result "1/2-1/2"]
[WhiteElo "1307"]
[BlackElo "1335"]
[Opening "Pirc: bayonet (Mariotti) attack"]
[ECO "B06"]
[Time "20:04:41"]
[TimeControl "2700+45"]

1. e4 g6 2. d4 Bg7 3. Nc3 d6 4. Be2 Nf6 5. h4 h5 6. Bg5 a6 7. a4 Nc6 8. Nf3 Bg4
9. Qd2 Bxf3 10. gxf3 e5 11. d5 Nd4 12. Bd1 Qd7 13. Be3 Ng8 14. Bxd4 exd4 15. Ne2
c5 16. c3 dxc3 17. Nxc3 Ne7 18. a5 O-O 19. Na4 Nc8 20. Be2 Qd8 21. Nc3 Bf6 22.
Qf4 Be5 23. Qg5 Bf6 24. Qf4 Kg7 25. Bd3 Be5 26. Qg5 f6 27. Qd2 b6 28. Ne2 Na7
29. f4 Bd4 30. Ng3 b5 31. Rg1 Qd7 32. Nf5+ Kh7 33. Ng3 Rae8 34. e5 dxe5 35. Nxh5
exf4+ 36. Kd1 f5 37. Nxf4 Rf6 38. h5 gxh5 39. Nxh5 Rf7 40. Qg5 Nc8 41. Qg6+ Kh8
42. Nf6 Bxf6 43. Rh1+ Rh7 44. Qxf6+ Qg7 45. Rxh7+ Kxh7 46. Bxf5+ Kg8 47. Be6+
Kh8 48. Qh4+ Qh7 49. Qf6+ Qg7 50. Qxg7+ Kxg7 51. Kd2 Nd6 52. Rg1+ Kf6 53. Kd3
Rh8 54. Rg3 Rh1 55. Rf3+ Ke7 56. Rg3 Rd1+ 57. Kc2 Rf1 58. Rg7+ Kf6 59. Rg2 {Game
drawn by mutual agreement} 1/2-1/2

[Event "Team 45 45 League T75"]
[Site "Internet Chess Club"]
[Date "2017.12.14"]
[Round "1"]
[White "Aquaman"]
[Black "Balderdash"]
[Result "0-1"]
[WhiteElo "1246"]
[BlackElo "1235"]
[Opening "Réti opening"]
[ECO "A05"]
[Time "20:01:12"]
[TimeControl "2700+45"]

1. Nf3 Nf6 2. g3 Nc6 3. Bg2 e5 4. e4 Bc5 5. d3 Ng4 6. O-O d5 7. h3 Nf6 8. exd5
Nd4 9. Nxd4 Bxd4 10. c3 Bc5 11. b4 Bd6 12. Bg5 Bd7 13. a3 Qc8 14. Kh2 h6 15. Be3
h5 16. c4 h4 17. g4 e4+ 18. Kh1 Nxg4 19. hxg4 Bxg4 20. Qe1 h3 21. f3 hxg2+ 22.
Kxg2 Bh3+ 23. Kf2 Bxf1 24. Qxf1 Qf5 25. dxe4 Qh5 26. Ke2 Be5 27. Ra2 O-O-O 28.
a4 Qh2+ 29. Qf2 Qh1 30. Qe1 Rh2+ 31. Bf2 Qxe1+ 32. Kxe1 Rh1+ 33. Ke2 Rxb1 34. b5
Rb2+ 35. Rxb2 Bxb2 36. a5 b6 37. axb6 axb6 38. c5 bxc5 39. Bxc5 Rh8 40. d6 cxd6
41. Bxd6 Bd4 42. Kd3 Bb6 43. Be5 f6 44. Bf4 Kd7 45. e5 Ke6 46. exf6 gxf6 47. Ke4
f5+ 48. Kd3 Rd8+ 49. Ke2 Rd5 50. Bg3 Rxb5 51. f4 Rb2+ 52. Kf1 Kd5 53. Ke1 Ke4
54. Kf1 Kf3 55. Be1 Kxf4 56. Bh4 Kg4 57. Be1 f4 58. Bc3 Rc2 59. Be1 Rc1 60. Ke2
f3+ 61. Kd2 Ra1 {White resigns} 0-1

[Event "Team 45 45 League T75"]
[Site "Internet Chess Club"]
[Date "2017.12.18"]
[Round "1"]
[White "RobertBuice"]
[Black "Ticktockman"]
[Result "0-1"]
[WhiteElo "1055"]
[BlackElo "1136"]
[Opening "Queen's gambit declined"]
[ECO "D30"]
[Time "20:18:52"]
[TimeControl "2700+45"]

1. d4 d5 2. c4 e6 3. Nf3 Bb4+ 4. Nc3 Bxc3+ 5. bxc3 dxc4 6. e3 b5 7. e4 Bb7 8. e5
h6 9. a4 Qd5 10. Rb1 Qe4+ 11. Qe2 Qxb1 12. Qd1 Qe4+ 13. Be3 Qc6 14. axb5 Qxb5
15. Be2 Qb3 16. Qc1 Bd5 17. O-O Ne7 18. h4 Nf5 19. Nd2 Qb7 20. Nxc4 Nxh4 21. Na5
Qc8 22. g3 Nf5 23. Bf4 c6 24. Qb1 O-O 25. Nb7 a5 26. g4 Nh4 27. Nd6 Qd7 28. Bd3
Nf3+ {White resigns} 0-1